Map: Ulrena

Players

capac

  • Race: Terran Terran
  • League: Gold

Steve - Winner!

  • Race: Terran Terran
  • League: Gold

VOD

Have the link to the VOD?

Description

Time

  • Played on: April 25, 2016, 6:56 p.m.
  • Length: 7:45
Show
View Real Time Build Order
Export as new Build Order

capac Terran 

Build Orders: Reaper Expand 

Get SALT Encoding   

  12  0:00  SCV  
  13  0:12  SCV  
  14  0:18  Supply Depot  
  14  0:27  SCV  
  15  0:39  SCV  
  15  0:42  Barracks  
  16  0:46  Refinery  
  16  0:51  SCV  
  17  1:03  SCV  
  18  1:16  SCV  
  19  1:34  Reaper  
  19  1:36  Orbital Command  
  20  1:43  Command Center  
  20  1:54  Supply Depot  
  20  2:05  SCV  
  21  2:15  Factory  
  21  2:23  Barracks Tech Lab, SCV  
  21  2:26  Refinery  
  22  2:36  SCV  
  23  2:48  SCV  
  24  3:00  SCV  
  24  3:01  Marine  
  24  3:05  SCV  
  27  3:06  Starport  
  27  3:12  SCV  
  28  3:14  Bunker  
  28  3:18  Factory Tech Lab  
  28  3:19  Marine  
  28  3:31  SCV  
  29  3:35  SCV  
  29  3:37  Marine  
  31  3:45  Siege Tank  
  31  3:47  Starport Tech Lab  
  34  3:52  Supply Depot, SCV  
  34  3:53  Orbital Command  
  35  4:02  Marine  
  36  4:04  SCV  
  36  4:06  Banshee  
  36  4:07  Cloaking Field, Engineering Bay  
  40  4:16  SCV  
  41  4:29  SCV  
  41  4:31  Barracks  
  42  4:41  SCV  
  42  4:44  SCV  
  44  4:46  Missile Turret  
  44  4:50  Refinery, Marine  
  44  4:51  Banshee  
  48  4:53  SCV  
  49  5:00  Siege Tank  
  49  5:33  Barracks Tech Lab  
  49  5:35  Supply Depot  
  46  5:52  Command Center  
  43  6:33  Banshee  
  43  6:35  Command Center  
  46  6:50  Bunker  
  45  7:13  Missile Turret  
Show
View Real Time Build Order
Export as new Build Order

Steve Terran - Winner!

Build Orders:  

Get SALT Encoding   

  12  0:00  SCV  
  13  0:12  SCV  
  14  0:17  Supply Depot  
  14  0:25  SCV  
  15  0:30  Refinery  
  15  0:39  SCV  
  16  0:45  Barracks  
  16  0:51  SCV  
  17  1:03  SCV  
  18  1:06  Barracks  
  18  1:15  SCV  
  19  1:31  Orbital Command  
  19  1:33  Barracks Reactor  
  19  1:55  Barracks Reactor  
  19  2:03  Command Center  
  18  2:12  SCV  
  19  2:17  Marine x2  
  19  2:21  Supply Depot  
  21  2:24  SCV  
  22  2:31  Marine  
  23  2:42  Marine, SCV  
  25  2:46  Marine x2  
  25  2:49  Marine  
  28  2:55  Factory  
  28  3:00  Marine  
  28  3:04  Marine x2  
  31  3:12  Supply Depot  
  31  3:13  Marine  
  31  3:14  SCV  
  33  3:21  Marine  
  33  3:22  Marine  
  35  3:31  Marine x2  
  37  3:35  SCV  
  37  3:40  Starport  
  37  3:41  Factory Reactor  
  38  3:47  Refinery  
  38  3:48  SCV  
  38  3:55  Orbital Command  
  39  4:03  SCV  
  39  4:09  Marine x2  
  41  4:13  Marine x2  
  44  4:21  SCV  
  45  4:25  Factory Tech Lab  
  45  4:27  SCV  
  45  4:29  Marine x2  
  48  4:32  Marine x2  
  48  4:34  SCV  
  51  4:39  SCV  
  51  4:45  Medivac x2  
  56  4:47  SCV  
  57  4:55  Marine  
  57  4:56  Marine  
  58  5:03  Marine x2  
  58  5:05  Siege Tank  
  61  5:10  SCV  
  62  5:26  Supply Depot  
  62  5:28  Supply Depot  
  62  5:29  Supply Depot  
  62  5:47  Marine x3, SCV, Medivac x2  
  62  5:49  Marine  
  70  5:50  Siege Tank  
  71  6:02  SCV x2  
  71  6:05  Marine  
  70  6:14  SCV x2  
  70  6:16  Marine x2  
  73  6:22  Siege Tank  
  76  6:26  SCV x2  
  78  6:35  Refinery, Command Center  
  78  6:36  Refinery  
  78  6:37  Medivac  
  80  6:40  Marine x2, SCV x2  
  80  6:41  Marine x2  
  86  7:19  Marine  
  86  7:20  Marine  
  86  7:21  Marine  
  86  7:22  Marine  
Tags
 
League
GoldGold
Matchup
TvT
Race
Terran
Add a new tag
Caveats
  • Supply blocks, unpowered buildings, or Contaminate may cause inaccurate times.
  • Supply counts are checked every 10 seconds.